 Dungeon Crawl Stone Soup version 0.26-a0-1176-g060ceda6a5 (webtiles) character file.

Game seed: 18341171343351435180

313 Anon1729 the Magician (level 6, -1/32 HPs)
             Began as a Deep Elf Fire Elementalist on Dec 24, 2020.
             Killed by divine providence
             ... invoked by an orc priest
              (15 damage)
             ... on level 4 of the Dungeon.
             The game lasted 00:06:14 (3823 turns).

Anon1729 the Magician (Deep Elf Fire Elementalist)  Turns: 3823, Time: 00:06:16

Health: -1/32      AC:  3    Str:  7    XL:     6   Next: 19%
Magic:  16/17      EV: 13    Int: 20    God:
Gold:   122        SH:  0    Dex: 15    Spells: 6/17 levels left

rFire    . . .     SeeInvis .   m - +2 whip (venom)
rCold    . . .     Faith    .   (no shield)
rNeg     . . .     Spirit   .   a - +0 robe
rPois    .         Reflect  .   (no helmet)
rElec    .         Harm     .   n - +0 cloak
rCorr    .         Rampage  .   (no gloves)
Will     +....                  (no boots)
Stlth    ++........             (no amulet)
HPRegen  0.10/turn              q - ring of willpower (curse)
MPRegen  0.15/turn              (no ring)

@: no status effects
A: no striking features
a: no special abilities


You were on level 4 of the Dungeon.
You visited 1 branch of the dungeon, and saw 4 of its levels.

You collected 122 gold pieces.

Inventory:

Hand Weapons
 m - a +2 whip of venom (weapon)
Missiles
 o - 11 poisoned darts
Armour
 a - a +0 robe (worn)
 n - a +0 cloak (worn)
Jewellery
 q - a cursed ring of willpower (left hand)
 u - an uncursed ring of ice
 w - an uncursed ring of magical power {unknown}
Scrolls
 c - a scroll of enchant weapon {unknown}
 d - 2 scrolls of noise {unknown}
 g - 4 scrolls of identify {unknown}
 h - 4 scrolls of amnesia {unknown}
 i - a scroll of immolation {unknown}
 j - a scroll of fear {unknown}
 k - 3 scrolls of enchant armour {unknown}
 p - a scroll of remove curse {unknown}
 r - a scroll of teleportation {unknown}
Potions
 b - a potion of haste {unknown}
 e - 2 potions of resistance {unknown}
 f - 3 potions of curing {unknown}
 l - a potion of heal wounds {unknown}
 s - 3 potions of lignification {unknown}
 t - a potion of ambrosia {unknown}
 v - a potion of invisibility {unknown}


   Skills:
 - Level 2.4 Dodging
 - Level 2.4 Stealth
 + Level 6.2 Spellcasting
 - Level 1.1 Conjurations
 + Level 6.1 Fire Magic


You had 6 spell levels left.
You knew the following spells:

 Your Spells              Type           Power        Failure   Level
a - Foxfire               Conj/Fire      80%          2%          1
b - Conjure Flame         Conj/Fire      20%          7%          3
c - Inner Flame           Hex/Fire       18%          9%          3
d - Sticky Flame          Conj/Fire      20%          22%         4

Your spell library contained the following spells:

 Spells                   Type           Power        Failure   Level
 Fireball                 Conj/Fire      10%          54%         5


Dungeon Overview and Level Annotations

Branches:
Dungeon (4/15)
 Temple: D:4-7

Altars:
Cheibriados
Zin


Message History

The orc shouts!
You hit the jackal.
You kill the jackal!
The jackal misses you. The jackal barely misses you.
You miss the leopard gecko. The leopard gecko barely misses you.
The jackal barely misses you. The leopard gecko closely misses you.
The orc priest calls down the wrath of Beogh upon you.
Beogh smites you!
The jackal bites you but does no damage.
The jackal bites you.
You barely miss the leopard gecko. The leopard gecko misses you.
The orc wizard casts a spell.
The orc wizard seems to speed up.
Casting: Foxfire (safe; 2% risk of failure)
Confirm with . or Enter, or press ? or * to list all spells.
You conjure some foxfire!
The leopard gecko bites you but does no damage.
The orc priest invokes the aid of Beogh against you.
Beogh smites you!
You die...

o...........#
#.....<.......
............##
#.............
.............#
#..........#.#
............#
##........##.#
.o.........# ##...<.####.^
..........# ########....
.........### ### ##..###
........ooh#####.##
###..##
#.....#.##hl@v....###...##
#..#########v......#..###
## ##_# #.........## 8...
#......#..# #.....
#......##[# _...
#......##.# #.....###..
#.....# #... #....# #....


You could see an orc priest, an orc wizard (fast), a leopard gecko and 2
jackals.

Vanquished Creatures
  Sigmund (D:3)
  Jessica (D:3)
  A gnoll (D:1)
  3 adders
  An ooze (D:3)
  3 worms
  3 dart slugs
  4 leopard geckos
  An orc (D:3)
  6 giant cockroaches
  7 goblins
  9 hobgoblins
  2 jackals (D:4)
  3 quokkas
  A ball python (D:3)
  4 bats
  3 frilled lizards (D:1)
  11 kobolds
  7 rats
71 creatures vanquished.

Vanquished Creatures (others)
  97 foxfires
97 creatures vanquished.

Grand Total: 168 creatures vanquished

Notes
Turn   | Place    | Note
-------+----------+-------------------------------------------
     0 | D:1      | Anon1729 the Deep Elf Fire Elementalist began the quest for
                  | the Orb.
     0 | D:1      | Reached XP level 1. HP: 10/10 MP: 6/6
   481 | D:1      | Reached XP level 2. HP: 15/15 MP: 6/8
  1126 | D:1      | Reached XP level 3. HP: 17/19 MP: 10/10
  1388 | D:2      | Learned a level 3 spell: Conjure Flame
  1392 | D:2      | Learned a level 3 spell: Inner Flame
  1903 | D:2      | Found a faded altar of an unknown god.
  2284 | D:3      | Reached XP level 4. HP: 24/24 MP: 12/12
  2513 | D:3      | Found a snail-covered altar of Cheibriados.
  2626 | D:3      | Noticed Jessica
  2630 | D:3      | Killed Jessica
  2631 | D:3      | Reached skill level 5 in Fire Magic
  2639 | D:3      | Learned a level 4 spell: Sticky Flame
  2666 | D:3      | Reached skill level 5 in Spellcasting
  2714 | D:3      | Reached XP level 5. HP: 28/28 MP: 11/14
  2769 | D:3      | Noticed Sigmund
  3028 | D:3      | Killed Sigmund
  3029 | D:3      | Reached XP level 6. HP: 26/32 MP: 7/17
  3807 | D:4      | Found a glowing silver altar of Zin.
  3807 | D:4      | Found a snail-covered altar of Cheibriados.
  3823 | D:4      | Killed from afar by an orc priest

Illustrated notes

Levels and vault maps discovered:
D:1:      ncdulo_watergridlock, layout_loops_ring, minmay_misc_feat_plants,
          corexii_hall_statues_l, minmay_stone_trees_small
D:2:      layout_rooms, chequers_ecumenical_altar_island,
          chequers_serial_rivers_micro_c
D:3:      layout_loops_cross, kennysheep_slug_shrine, uniq_jessica, uniq_sigmund
D:4:      layout_cave_pods, led_sif_pool, tgw_trog, yredelemnul_altar_generic,
          nicolae_overflow_hidden_temple, hangedman_abyss_or_decor_stagger,
          minivault_4

Skill      XL: |  1  2  3  4  5 |
---------------+----------------+-----
Fire Magic     | 4 5 6 |  6.1
Spellcasting   | 4 5 6 |  6.2
Dodging        | |  2.4
Stealth        | |  2.4
Conjurations   | |  1.1

Action                   |  1- 3 |  4- 6 || total
-------------------------+-------+-------++-------
Melee: Whip              |    56 |    46 ||   102
       Unarmed           |     6 |       ||     6
 Cast: Foxfire           |    34 |    28 ||    62
       Sticky Flame      |       |     1 ||     1
 Stab: Sleeping          |     8 |     1 ||     9
Armor: Robe              |    11 |     8 ||    19
Dodge: Dodged            |    38 |    39 ||    77

Table legend: (Time is in decaauts)
 A = Elapsed time spent in this place.
 B = Non-inter-level travel time spent in this place.
 C = Inter-level travel time spent in this place.
 D = Time resting spent in this place.
 E = Time spent auto-exploring this place.
 F = Levels seen in this place.
 G = Mean time per level.
                   A        B        C        D        E       F      G
               +--------+--------+--------+--------+--------+-----+--------+
         Total |   3837 |   3790 |     47 |    734 |   2501 |   4 |  959.2 |
       Dungeon |   3837 |   3790 |     47 |    734 |   2501 |   4 |  959.2 |
               +--------+--------+--------+--------+--------+-----+--------+

Top non-repeatable levels by time:
     D:2: 1314 daAuts
     D:1: 1197 daAuts
     D:3: 1055 daAuts
     D:4: 270 daAuts
